 Dungeon Crawl Stone Soup version 0.27-a0-96-gb51a1d6fd6 (webtiles) character file.

Game seed: 9654356684291984113

308 knot the Chopper (level 6, 39/70 HPs)
             Began as a Demonspawn Berserker on Jan 19, 2021.
             Was a Believer of Trog.
             Quit the game on level 3 of the Dungeon.
             The game lasted 00:03:21 (2589 turns).

knot the Chopper (Demonspawn Berserker)             Turns: 2589, Time: 00:03:22

Health: 39/70      AC:  4    Str: 18    XL:     6   Next: 17%
Magic:  6/6        EV: 12    Int: 10    God:    Trog [**....]
Gold:   162        SH:  0    Dex: 12    Spells: 5/5 levels left

rFire    . . .     SeeInvis .   a - +0 hand axe
rCold    . . .     Faith    .   (no shield)
rNeg     . . .     Spirit   .   b - +0 animal skin
rPois    .         Reflect  .   o - +1 hat
rElec    .         Harm     .   (no cloak)
rCorr    .         Rampage  .   (no gloves)
Will     ++...                  l - +0 pair of boots
Stlth    ..........             j - amulet of regeneration
HPRegen  2.61/turn              (no ring)
MPRegen  0.10/turn              (no ring)

@: berserking (expiring), regenerating (expiring), very quick
A: talons 1, powered by death 1
a: Renounce Religion, Berserk, Trog's Hand


You were on level 3 of the Dungeon.
You worshipped Trog.
Trog was pleased with you.
You visited 1 branch of the dungeon, and saw 3 of its levels.

You collected 162 gold pieces.

Inventory:

Hand Weapons
 a - a +0 hand axe (weapon)
Missiles
 e - 27 sling bullets
 h - 34 stones (quivered)
Armour
 b - a +0 animal skin (worn)
 l - a +0 pair of boots (worn)
 o - a +1 hat (worn)
Jewellery
 j - an amulet of regeneration (around neck)
Scrolls
 i - a scroll of enchant armour {unknown}
 m - a scroll of noise {unknown}
 p - a scroll of teleportation
Potions
 c - a potion of lignification
 d - a potion of heal wounds {unknown}
 f - a potion of invisibility {unknown}
 g - a potion of resistance {unknown}
 k - a potion of magic {unknown}
 n - a potion of attraction {unknown}
 q - a potion of haste {unknown}


   Skills:
 - Level 3.0 Fighting
 + Level 6.4 Axes
 - Level 1.7 Armour
 - Level 1.7 Dodging


You had 5 spell levels left.
You didn't know any spells.
Your spell library was empty.

Dungeon Overview and Level Annotations

Branches:
Dungeon (3/15)

Altars:
Ashenzari


Innate Abilities, Weirdness & Mutations

You have sharp toenails.
You regenerate a little health from kills.


Message History

Grinder is severely wounded.
Grinder drinks a potion.
Grinder is healed!
You barely miss Grinder.
Grinder is severely wounded.
You feel the effects of Trog's Hand fading.
Grinder gestures at you. You resist with almost no effort.
You slash Grinder!
Grinder is almost dead.
You hit Grinder.
You kill Grinder!
Trog accepts your kill.
Your Axes skill gained 2 levels and is now at level 6!
You have reached level 5!
You have reached level 6!
Your experience leads to an increase in your attributes!
Increase (S)trength, (I)ntelligence, or (D)exterity?
You feel clever.
Your demonic ancestry asserts itself...
Your toenails lengthen and sharpen.
Are you sure you want to abandon this character and quit the game? (Confirm with "yes".)

#...# ....... #.#.#
....... ##.#.## ......
#..#..# #.... ##.###.#
#.... ###..#.#.. #....
####...##.##.
#.#....#####....###...##
#......@.....####(..#...
.......#####....###...##
......<..#.####...##.##.
.........#..# ###..#[#..
.............##.##.###.#
................<#..#..#
................###.#.##
................# #.#.#
.......†...# #...#


There were no monsters in sight!

Vanquished Creatures
  Grinder (D:3)
  Robin (D:3)
  4 gnolls
  An adder (D:1)
  A worm (D:2)
  A leopard gecko (D:2)
  4 giant cockroaches
  10 goblins
  3 hobgoblins (D:3)
  2 jackals
  5 kobolds (D:2)
  A ball python (D:1)
  A bat (D:2)
  A frilled lizard (D:3)
  A jackal zombie (D:3)
  6 rats
43 creatures vanquished.

Notes
Turn   | Place    | Note
-------+----------+-------------------------------------------
     0 | D:1      | knot the Demonspawn Berserker began the quest for the Orb.
     0 | D:1      | Reached XP level 1. HP: 18/18 MP: 1/1
   662 | D:2      | Reached skill level 3 in Axes
   697 | D:2      | Gained mutation: You regenerate a little health from kills.
                  | [demonic ancestry]
   697 | D:2      | Reached XP level 2. HP: 24/24 MP: 2/2
  1287 | D:1      | Reached XP level 3. HP: 22/29 MP: 3/3
  1402 | D:1      | Reached skill level 4 in Axes
  1781 | D:2      | Reached ** piety under Trog
  1802 | D:2      | Found a broken altar of Ashenzari.
  1916 | D:1      | Reached XP level 4. HP: 35/35 MP: 4/4
  2342 | D:3      | Noticed Robin
  2354 | D:3      | Killed Robin
  2574 | D:3      | Noticed Grinder
  2588 | D:3      | Killed Grinder
  2589 | D:3      | Reached skill level 6 in Axes
  2589 | D:3      | Reached XP level 5. HP: 34/41 MP: 5/5
  2589 | D:3      | Gained mutation: You have sharp toenails. [demonic
                  | ancestry]
  2589 | D:3      | Reached XP level 6. HP: 39/47 MP: 6/6
  2589 | D:3      | Quit the game

Illustrated notes

Levels and vault maps discovered:
D:1:      enne_arrival_octagon_isle, layout_basic, chequers_arboretum
D:2:      layout_rooms, lemuel_coloured_pillars_altar
D:3:      minmay_general_purpose_star, layout_rooms, uniq_jessica, uniq_robin,
          uniq_grinder

Skill      XL: |  1  2  3  4 |
---------------+-------------+-----
Axes           | 3 4 6 |  6.4
Fighting       | |  3.0
Armour         | |  1.7
Dodging        | |  1.7

Action                   |  1- 3 |  4- 6 || total
-------------------------+-------+-------++-------
Melee: Hand axe          |    75 |    31 ||   106
Throw: Stone             |    19 |     3 ||    22
Invok: Berserk           |     7 |     3 ||    10
       Trog's Hand       |       |     1 ||     1
  Use: Scroll            |     4 |       ||     4
 Stab: Sleeping          |     1 |       ||     1
Armor: Animal skin       |    18 |     7 ||    25
Dodge: Dodged            |    81 |    13 ||    94

Table legend: (Time is in decaauts)
 A = Elapsed time spent in this place.
 B = Non-inter-level travel time spent in this place.
 C = Inter-level travel time spent in this place.
 D = Time resting spent in this place.
 E = Time spent auto-exploring this place.
 F = Levels seen in this place.
 G = Mean time per level.
                   A        B        C        D        E       F      G
               +--------+--------+--------+--------+--------+-----+--------+
         Total |   2683 |   2514 |    169 |   1099 |   1055 |   3 |  894.3 |
       Dungeon |   2683 |   2514 |    169 |   1099 |   1055 |   3 |  894.3 |
               +--------+--------+--------+--------+--------+-----+--------+

Top non-repeatable levels by time:
     D:1: 1378 daAuts
     D:2: 1032 daAuts
     D:3: 272 daAuts
